Devils vs Flames
Created - March 3, 2024 at 08:19
Goals
|
| Devils |
1 |
2 |
2 |
5 |
| Flames |
1 |
1 |
0 |
2 |
|
Shots
|
| Devils |
7 |
8 |
19 |
34 |
| Flames |
3 |
8 |
7 |
18 |
|
1st period
1. Flames , Bryan Rust 17 (Brad Marchand 24, Eric Staal 35) at 9:34
2. Devils , Nick Palmieri 18 (Tyler Ennis 39, Nazem Kadri 47) at 12:17
Penalties :
Erik Johnson (Cal) for Boarding (Minor) at 12:41, David Savard (Cal) for Roughing (Double Minor) at 16:14
2nd period
3. Devils , Nazem Kadri 25 (Tyler Ennis 40, Michael Del Zotto 22) at 2:18 (PP)
4. Devils , Tyler Ennis 41 (Nazem Kadri 48) at 7:34 (PP)
5. Flames , Bryan Rust 18 (Erik Johnson 27, Eric Staal 36) at 12:23
Penalties :
Colin Wilson (Cal) for Holding (Minor) at 1:52, Jimmy Hayes (Cal) for Roughing (Minor) at 2:30, Christian Folin (Cal) for Diving (Minor) at 7:27, Jimmy Hayes (Cal) for Slashing (Minor) at 13:43, Esa Lindell (Cal) for Slashing (Minor) at 18:27
3rd period
6. Devils , Ondrej Kase 12 (Matt Donovan 18) at 4:22
7. Devils , Tyler Ennis 42 (Nick Palmieri 26, Michael Del Zotto 23) at 12:29
Penalties :
Christian Folin (Cal) for Holding (Minor) at 18:53
Goalie Stats
Jonathan Quick (N.J), 16 saves from 18 shots - (0.889), W, 20-10-5, 60:00 minutes
Christopher Gibson (Cal), 15 saves from 19 shots - (0.789), L, 23-13-1, 44:22 minutes
Henrik Lundqvist (Cal), 14 saves from 15 shots - (0.933), 15:38 minutes
Players Stats for Devils
Player Name G A P +/- PIM S H SB GA TA FO MP PP MP PK MP
------------------------------------------------------------------------------------
Anton Lander 0 0 0 0 0 5 1 0 0 0 2/3 7:42 0:12 0:00
Anton Stralman 0 0 0 -1 0 2 0 2 0 0 0/0 18:36 0:43 0:00
Brandon Carlo 0 0 0 1 0 0 1 1 1 0 0/0 14:10 0:33 0:00
Brayden Point 0 0 0 -1 0 3 2 0 0 0 3/5 17:51 7:43 0:00
Eric Tangradi 0 0 0 0 0 1 1 0 0 0 0/0 7:58 0:48 0:00
Jonathan Huberdeau 0 0 0 0 0 0 1 1 0 1 0/0 18:44 4:52 0:00
Kristopher Letang 0 0 0 -1 0 2 0 0 0 2 0/0 27:01 8:12 0:00
Logan Shaw 0 0 0 -1 0 0 2 1 0 0 1/1 11:08 0:49 0:00
Matt Donovan 0 1 1 1 0 0 0 0 1 1 0/0 19:07 4:39 0:00
Michael Del Zotto 0 2 2 1 0 1 2 0 0 0 0/0 21:59 8:22 0:00
Nail Yakupov 0 0 0 0 0 1 0 0 0 0 0/1 7:10 0:00 0:00
Nazem Kadri 1 2 3 2 0 4 1 3 0 0 13/33 23:01 7:56 0:00
Nick Palmieri 1 1 2 2 0 3 3 1 0 0 1/2 15:40 0:44 0:00
Ondrej Kase 1 0 1 0 0 5 1 0 1 1 2/2 18:44 4:52 0:00
Sean Monahan 0 0 0 0 0 1 0 0 1 1 3/5 18:44 4:52 0:00
Sven Baertschi 0 0 0 -1 0 2 2 0 0 0 0/1 10:19 0:00 0:00
Thomas Hickey 0 0 0 1 0 1 0 1 0 0 0/0 19:07 4:39 0:00
Tyler Ennis 2 2 4 2 0 3 4 1 1 0 1/3 22:59 7:54 0:00
Players Stats for Flames
Player Name G A P +/- PIM S H SB GA TA FO MP PP MP PK MP
------------------------------------------------------------------------------------
Anders Lee 0 0 0 0 0 0 1 0 0 0 0/1 8:06 0:00 2:39
Brad Marchand 0 1 1 2 0 2 0 1 1 0 0/1 23:30 0:00 6:05
Bryan Rust 2 0 2 2 0 2 2 0 1 1 0/2 20:40 0:00 4:09
Christian Folin 0 0 0 0 4 0 1 4 0 1 0/0 20:26 0:00 3:51
Colby Robak 0 0 0 -2 0 1 0 0 0 0 0/0 16:07 0:00 5:20
Colin Wilson 0 0 0 -1 2 0 0 0 0 0 1/3 10:09 0:00 0:30
David Savard 0 0 0 -2 4 1 0 2 0 0 0/0 12:26 0:00 1:40
David Ullstrom 0 0 0 0 0 1 1 0 0 0 0/0 8:41 0:00 2:27
Eric Staal 0 2 2 2 0 3 2 2 3 1 7/16 20:40 0:00 4:09
Erik Johnson 0 1 1 1 2 1 2 0 0 1 0/0 26:58 0:00 6:47
Esa Lindell 0 0 0 0 2 0 1 2 0 1 0/0 16:41 0:00 0:59
Jake DeBrusk 0 0 0 -1 0 0 0 1 0 0 0/0 10:24 0:00 0:44
Jimmy Hayes 0 0 0 -2 4 2 1 0 0 0 0/0 13:22 0:00 0:00
Kevin Labanc 0 0 0 -1 0 2 0 0 1 0 0/0 9:40 0:00 0:00
Kyle Palmieri 0 0 0 0 0 0 0 0 0 0 0/0 5:16 0:00 0:00
Patrik Berglund 0 0 0 -2 0 2 1 0 0 0 21/31 21:39 0:00 6:51
Sami Vatanen 0 0 0 1 0 1 2 0 0 0 0/0 27:48 0:00 7:56
Tanner Pearson 0 0 0 -2 0 0 2 1 0 0 1/2 13:45 0:00 0:09
3 Stars
1 - Tyler Ennis (N.J)
2 - Nazem Kadri (N.J)
3 - Nick Palmieri (N.J)
Power Play
Devils - 2 on 9 Attempt(s) - 22.22%
Flames - 0 on 0 Attempt(s) - 0.00%
Penalty Kill
Devils - 0 on 0 Attempt(s) - 0.00%
- Score 0 goal in Penalty Kill
Flames - 7 on 9 Attempt(s) - 77.78%
- Score 0 goal in Penalty Kill
Team Stat
Devils - Hits : 21 - Faceoff Wins : 26 - Blocked Shots : 11 - Penalty Minutes : 0
Flames - Hits : 16 - Faceoff Wins : 30 - Blocked Shots : 13 - Penalty Minutes : 18
Official
Referees : Michael Markovic and Brian Pochmara
Linesman : Vaughan Rody and Kory Nagy
Game Notes
12:23 of 2nd period - Flames goal is going for a video replay. After video review, Goal.
Henrik Lundqvist enters game at 4:22 of 3rd period
Finance
Level 1 -- Attendance: 6000 (100.00%) -- Ticket Income $600,000
Level 2 -- Attendance: 5000 (100.00%) -- Ticket Income $300,000
Level 3 -- Attendance: 1983 (99.15%) -- Ticket Income $69,405
Level 4 -- Attendance: 3728 (93.20%) -- Ticket Income $93,200
Luxury Box -- Attendance: 1000 (100.00%) -- Ticket Income $200,000
Game was played at the Scotiabank Saddledome.
Total Attendance: 17711 (98.39%)
Total Ticket Income: $1,262,605
Other Income: $189,391
Total Income: $1,451,996
Devils
5 vs 5 Forward
Center Left Wing Right Wing Time % Phy DF OF
1 Nazem Kadri Tyler Ennis Nick Palmieri 36 0 2 3
2 Sean Monahan Jonathan Huberdeau Ondrej Kase 28 0 2 3
3 Brayden Point Sven Baertschi Logan Shaw 22 0 2 3
4 Anton Lander Eric Tangradi Nail Yakupov 14 0 2 3
5 vs 5 Defense
Defense Defense Time % Phy DF OF
1 Anton Stralman Kristopher Letang 38 1 3 1
2 Brandon Carlo Michael Del Zotto 32 1 3 1
3 Matt Donovan Thomas Hickey 30 1 3 1
4 Brandon Carlo Kristopher Letang 0 1 3 1
PowerPlay Forward
Center Left Wing Right Wing Time % Phy DF OF
1 Nazem Kadri Tyler Ennis Brayden Point 60 0 0 5
2 Sean Monahan Jonathan Huberdeau Ondrej Kase 40 0 0 5
PowerPlay Defense
Defense Defense Time % Phy DF OF
1 Michael Del Zotto Kristopher Letang 60 0 2 3
2 Thomas Hickey Matt Donovan 40 0 2 3
Penalty Kill 4 Players Forward
Center Wing Time % Phy DF OF
1 Anton Lander Logan Shaw 60 1 3 1
2 Nazem Kadri Tyler Ennis 40 1 3 1
Penalty Kill 4 Players Defense
Defense Defense Time % Phy DF OF
1 Brandon Carlo Anton Stralman 60 1 4 0
2 Matt Donovan Thomas Hickey 40 1 4 0
Penalty Kill - 3 Players Forward
Forward Time % Phy DF OF
1 Nazem Kadri 60 0 4 1
2 Sean Monahan 40 0 4 1
Penalty Kill - 3 Players Defense
Defense Defense Time % Phy DF OF
1 Brandon Carlo Anton Stralman 60 1 4 0
2 Matt Donovan Kristopher Letang 40 1 4 0
4 vs 4 Forward
Center Wing Time % Phy DF OF
1 Nazem Kadri Tyler Ennis 60 0 2 3
2 Sean Monahan Jonathan Huberdeau 40 0 2 3
4 vs 4 Defense
Defense Defense Time % Phy DF OF
1 Anton Stralman Kristopher Letang 60 0 3 2
2 Brandon Carlo Michael Del Zotto 40 0 3 2
Last Minutes Offensive
Center Left Wing Right Wing Defense Defense
Nazem Kadri Tyler Ennis Nick Palmieri Brandon Carlo Kristopher Letang
Last Minutes Defensive
Center Left Wing Right Wing Defense Defense
Nazem Kadri Tyler Ennis Nick Palmieri Brandon Carlo Kristopher Letang
Goaltenders
Starting : Jonathan Quick
Backup : Thomas McCollum
Extra Forwards
Normal : Brayden Point, Nail Yakupov, Logan Shaw - PP : Nick Palmieri, Brayden Point - PK : Nick Palmieri
Extra Defensemen
Normal : Anton Stralman, Brandon Carlo, Michael Del Zotto - PP : Anton Stralman - PK : Anton Stralman, Thomas Hickey
Penalty Shots
Tyler Ennis, Sean Monahan, Nazem Kadri, Nick Palmieri, Brayden Point
Custom OT Lines Forwards
Nazem Kadri, Tyler Ennis, Jonathan Huberdeau, Sean Monahan, Brayden Point, Nick Palmieri, Logan Shaw, Ondrej Kase, Anton Lander, Nail Yakupov
Custom OT Lines Defensemen
Brandon Carlo, Kristopher Letang, Michael Del Zotto, Anton Stralman, Matt Donovan
Scratches
Damon Severson (Healthy), Miikka Salomaki (Healthy), Calvin Pickard (Healthy)
Flames
5 vs 5 Forward
Center Left Wing Right Wing Time % Phy DF OF
1 Eric Staal Brad Marchand Bryan Rust 40 1 2 2
2 Patrik Berglund Tanner Pearson Jimmy Hayes 30 1 1 3
3 Colin Wilson Jake DeBrusk Kevin Labanc 20 1 2 2
4 Anders Lee David Ullstrom Kyle Palmieri 10 1 2 2
5 vs 5 Defense
Defense Defense Time % Phy DF OF
1 Erik Johnson Sami Vatanen 40 1 2 2
2 Esa Lindell Christian Folin 30 1 2 2
3 Colby Robak David Savard 20 1 2 2
4 Erik Johnson Sami Vatanen 10 1 2 2
PowerPlay Forward
Center Left Wing Right Wing Time % Phy DF OF
1 Eric Staal Tanner Pearson Jimmy Hayes 60 1 1 3
2 Patrik Berglund Jake DeBrusk Kevin Labanc 40 1 1 3
PowerPlay Defense
Defense Defense Time % Phy DF OF
1 Erik Johnson Sami Vatanen 60 1 1 3
2 Esa Lindell Christian Folin 40 1 1 3
Penalty Kill 4 Players Forward
Center Wing Time % Phy DF OF
1 Patrik Berglund Brad Marchand 60 1 2 2
2 Eric Staal Bryan Rust 40 1 2 2
Penalty Kill 4 Players Defense
Defense Defense Time % Phy DF OF
1 Erik Johnson Sami Vatanen 60 1 2 2
2 Colby Robak Christian Folin 40 1 2 2
Penalty Kill - 3 Players Forward
Forward Time % Phy DF OF
1 Eric Staal 60 1 2 2
2 Patrik Berglund 40 1 2 2
Penalty Kill - 3 Players Defense
Defense Defense Time % Phy DF OF
1 Erik Johnson Sami Vatanen 60 1 2 2
2 Colby Robak Christian Folin 40 1 2 2
4 vs 4 Forward
Center Wing Time % Phy DF OF
1 Eric Staal Bryan Rust 60 1 2 2
2 Patrik Berglund Brad Marchand 40 1 2 2
4 vs 4 Defense
Defense Defense Time % Phy DF OF
1 Erik Johnson Sami Vatanen 60 1 2 2
2 Esa Lindell Christian Folin 40 1 2 2
Last Minutes Offensive
Center Left Wing Right Wing Defense Defense
Eric Staal Brad Marchand Bryan Rust Erik Johnson Sami Vatanen
Last Minutes Defensive
Center Left Wing Right Wing Defense Defense
Eric Staal Brad Marchand Bryan Rust Erik Johnson Sami Vatanen
Goaltenders
Starting : Christopher Gibson
Backup : Henrik Lundqvist
Extra Forwards
Normal : Tanner Pearson, Jimmy Hayes, Patrik Berglund - PP : Jake DeBrusk, Anders Lee - PK : Bryan Rust
Extra Defensemen
Normal : Colby Robak, Esa Lindell, Christian Folin - PP : Esa Lindell - PK : Christian Folin, David Savard
Penalty Shots
Eric Staal, Tanner Pearson, Jimmy Hayes, Kyle Palmieri, Patrik Berglund
Custom OT Lines Forwards
Eric Staal, Tanner Pearson, Patrik Berglund, Jimmy Hayes, Bryan Rust, Brad Marchand, Colin Wilson, Jake DeBrusk, Kevin Labanc, Kyle Palmieri
Custom OT Lines Defensemen
Erik Johnson, Sami Vatanen, Christian Folin, Esa Lindell, Colby Robak
Scratches
Chris Brown (Healthy), Mathieu Brodeur (Healthy), Matthew Nieto (Healthy), Victor Rask (Healthy)
% Time on Ice - Devils
Lines # - Real PCT - Wanted PCT - Time Play
Normal Forward
1 - 32% - 36% - 15:05
2 - 30% - 28% - 13:52
3 - 22% - 22% - 10:19
4 - 15% - 14% - 7:10
Normal Defense
1 - 40% - 38% - 18:21
2 - 30% - 32% - 14:07
3 - 29% - 30% - 13:30
4 - 1% - 0% - 0:28
PP Forward
1 - 64% - 60% - 8:42
2 - 36% - 40% - 4:52
PP Defense
1 - 66% - 60% - 8:55
2 - 34% - 40% - 4:39
PK Forward
1 - 0% - 60%
2 - 0% - 40%
PK Defense
1 - 0% - 60%
2 - 0% - 40%
PK3 Forward
1 - 0% - 60%
2 - 0% - 40%
PK3 Defense
1 - 0% - 60%
2 - 0% - 40%
44 Forward
1 - 0% - 60%
2 - 0% - 40%
44 Defense
1 - 0% - 60%
2 - 0% - 40%
Last Minute Offensive - 0:00
Last Minute Defensive - 0:00
Total
Forward - 60:00
Defense - 60:00
|
% Time on Ice - Flames
Lines # - Real PCT - Wanted PCT - Time Play
Normal Forward
1 - 40% - 40% - 18:23
2 - 28% - 30% - 13:07
3 - 21% - 20% - 9:40
4 - 11% - 10% - 5:16
Normal Defense
1 - 41% - 40% - 19:09
2 - 34% - 30% - 15:41
3 - 22% - 20% - 10:20
4 - 3% - 10% - 1:16
PP Forward
1 - 0% - 60%
2 - 0% - 40%
PP Defense
1 - 0% - 60%
2 - 0% - 40%
PK Forward
1 - 69% - 60% - 9:25
2 - 31% - 40% - 4:09
PK Defense
1 - 69% - 60% - 9:21
2 - 31% - 40% - 4:13
PK3 Forward
1 - 0% - 60%
2 - 0% - 40%
PK3 Defense
1 - 0% - 60%
2 - 0% - 40%
44 Forward
1 - 0% - 60%
2 - 0% - 40%
44 Defense
1 - 0% - 60%
2 - 0% - 40%
Last Minute Offensive - 0:00
Last Minute Defensive - 0:00
Total
Forward - 60:00
Defense - 60:00
|
Play-by-Play
1st period
0:01 of 1st period - Eric Staal wins face-off versus Nazem Kadri in neutral zone.
1:55 of 1st period - Wrist shot by Ondrej Kase.
1:55 of 1st period - Stopped by Christopher Gibson with a rebound.
2:55 of 1st period - David Ullstrom is hit by Tyler Ennis and loses puck.
3:24 of 1st period - Backhand shot by Jimmy Hayes.
3:24 of 1st period - Shot Misses the Net.
3:46 of 1st period - Wrist shot by Anton Lander.
3:46 of 1st period - Stopped by Christopher Gibson with a rebound.
3:49 of 1st period - Icing by Jimmy Hayes.
3:50 of 1st period - Patrik Berglund wins face-off versus Nazem Kadri in Flames zone.
3:50 of 1st period - Patrik Berglund is hit by Tyler Ennis.
4:02 of 1st period - Slapshot by Jimmy Hayes.
4:02 of 1st period - Shot Hit the Post.
4:04 of 1st period - Slapshot by Erik Johnson.
4:04 of 1st period - Deflect By Jimmy Hayes.
4:04 of 1st period - Shot Blocked by Thomas Hickey.
4:04 of 1st period - Puck is out of play.
4:05 of 1st period - Logan Shaw wins face-off versus Eric Staal in Devils zone.
4:21 of 1st period - Icing by Brad Marchand.
4:22 of 1st period - Tyler Ennis wins face-off versus Eric Staal in Flames zone.
5:07 of 1st period - Slapshot by Nail Yakupov.
5:07 of 1st period - Shot Misses the Net.
5:44 of 1st period - Snap shot by Bryan Rust.
5:44 of 1st period - Shot Blocked by Anton Stralman.
5:46 of 1st period - Snap shot by Bryan Rust.
5:46 of 1st period - Shot Misses the Net.
6:38 of 1st period - Snap shot by Eric Staal.
6:38 of 1st period - Stopped by Jonathan Quick with a rebound.
7:06 of 1st period - Slapshot by Sean Monahan.
7:06 of 1st period - Shot Blocked by Christian Folin.
7:54 of 1st period - Backhand shot by Kristopher Letang.
7:54 of 1st period - Deflect By Ondrej Kase.
7:54 of 1st period - Stopped by Christopher Gibson with a rebound.
9:24 of 1st period - Snap shot by Eric Staal.
9:24 of 1st period - Shot Misses the Net.
9:26 of 1st period - Snap shot by Bryan Rust.
9:26 of 1st period - Shot Misses the Net.
9:28 of 1st period - Wrist shot by Brad Marchand.
9:28 of 1st period - Shot Blocked by Anton Stralman.
9:30 of 1st period - Slapshot by Brad Marchand.
9:30 of 1st period - Shot Misses the Net.
9:32 of 1st period - Wrist shot by Brad Marchand.
9:32 of 1st period - Shot Blocked by Jonathan Huberdeau.
9:34 of 1st period - Slapshot by Bryan Rust.
9:34 of 1st period - Goal by Bryan Rust - Devils : 0 - Flames : 1.
9:35 of 1st period - Nazem Kadri wins face-off versus Patrik Berglund in neutral zone.
9:42 of 1st period - Wrist shot by Nazem Kadri.
9:42 of 1st period - Shot Misses the Net.
9:50 of 1st period - Snap shot by Patrik Berglund.
9:50 of 1st period - Shot Misses the Net.
9:52 of 1st period - Slapshot by Sami Vatanen.
9:52 of 1st period - Shot Misses the Net.
10:02 of 1st period - Jake DeBrusk is hit by Logan Shaw and loses puck.
11:15 of 1st period - Icing by David Ullstrom.
11:16 of 1st period - Colin Wilson wins face-off versus Nazem Kadri in Flames zone.
11:31 of 1st period - Jake DeBrusk is hit by Nazem Kadri and loses puck.
11:41 of 1st period - Off-side.
11:42 of 1st period - Brayden Point wins face-off versus Patrik Berglund in neutral zone.
11:47 of 1st period - Slapshot by Sven Baertschi.
11:47 of 1st period - Shot Blocked by David Savard.
11:57 of 1st period - Wrist shot by Jimmy Hayes.
11:57 of 1st period - Shot Misses the Net.
12:09 of 1st period - Wrist shot by Nick Palmieri.
12:09 of 1st period - Stopped by Christopher Gibson with a rebound.
12:13 of 1st period - Wrist shot by Nick Palmieri.
12:13 of 1st period - Shot Misses the Net.
12:15 of 1st period - Wrist shot by Nazem Kadri.
12:15 of 1st period - Shot Blocked by David Savard.
12:17 of 1st period - Wrist shot by Tyler Ennis.
12:17 of 1st period - Deflect By Nick Palmieri.
12:17 of 1st period - Goal by Nick Palmieri - Devils : 1 - Flames : 1.
12:18 of 1st period - Patrik Berglund wins face-off versus Nazem Kadri in neutral zone.
12:31 of 1st period - Snap shot by Tyler Ennis.
12:31 of 1st period - Shot Misses the Net.
12:41 of 1st period - Minor Penalty to Erik Johnson for Boarding.
12:42 of 1st period - Patrik Berglund wins face-off versus Tyler Ennis in Flames zone.
13:03 of 1st period - Patrik Berglund is hit by Tyler Ennis and loses puck.
14:41 of 1st period - Penalty to Erik Johnson is over, Erik Johnson is back on ice.
14:46 of 1st period - Patrik Berglund is hit by Eric Tangradi and loses puck.
14:59 of 1st period - Snap shot by Nail Yakupov.
14:59 of 1st period - Stopped by Christopher Gibson with a rebound.
15:30 of 1st period - Brayden Point is hit by Christian Folin and loses puck.
15:37 of 1st period - Wrist shot by Patrik Berglund.
15:37 of 1st period - Stopped by Jonathan Quick without a rebound.
15:38 of 1st period - Anton Lander wins face-off versus Colin Wilson in Devils zone.
15:47 of 1st period - Wrist shot by Anton Lander.
15:47 of 1st period - Stopped by Christopher Gibson with a rebound.
16:14 of 1st period - Double Minor Penalty to David Savard for Roughing.
16:15 of 1st period - Eric Staal wins face-off versus Brayden Point in Flames zone.
16:30 of 1st period - Tyler Ennis is hit by Sami Vatanen and loses puck.
16:37 of 1st period - Sami Vatanen is hit by Tyler Ennis and loses puck.
18:14 of 1st period - Patrik Berglund is hit by Jonathan Huberdeau and loses puck.
Goals for this period are 1 for Devils vs 1 for Flames.
Shots for this period are 7 for Devils vs 3 for Flames.
2nd period
0:01 of 2nd period - Patrik Berglund wins face-off versus Nazem Kadri in neutral zone.
0:14 of 2nd period - Penalty to David Savard is over, David Savard is back on ice.
0:27 of 2nd period - Sami Vatanen is hit by Ondrej Kase and loses puck.
0:38 of 2nd period - Wrist shot by Brad Marchand.
0:38 of 2nd period - Shot Misses the Net.
0:40 of 2nd period - Snap shot by Brad Marchand.
0:40 of 2nd period - Stopped by Jonathan Quick without a rebound.
0:41 of 2nd period - Nazem Kadri wins face-off versus Colin Wilson in Devils zone.
0:47 of 2nd period - Colin Wilson is hit by Nick Palmieri and loses puck.
1:14 of 2nd period - Kyle Palmieri is hit by Sven Baertschi and loses puck.
1:19 of 2nd period - Snap shot by Sven Baertschi.
1:19 of 2nd period - Stopped by Christopher Gibson with a rebound.
1:23 of 2nd period - Snap shot by Sven Baertschi.
1:23 of 2nd period - Stopped by Christopher Gibson without a rebound.
1:24 of 2nd period - Patrik Berglund wins face-off versus Nail Yakupov in Flames zone.
1:52 of 2nd period - Minor Penalty to Colin Wilson for Holding.
1:53 of 2nd period - Patrik Berglund wins face-off versus Nazem Kadri in Flames zone.
2:04 of 2nd period - Wrist shot by Nazem Kadri.
2:04 of 2nd period - Stopped by Christopher Gibson without a rebound.
2:05 of 2nd period - Patrik Berglund wins face-off versus Nazem Kadri in Flames zone.
2:18 of 2nd period - Wrist shot by Nazem Kadri.
2:18 of 2nd period - Goal by Nazem Kadri - Devils : 2 - Flames : 1.
2:19 of 2nd period - Patrik Berglund wins face-off versus Nazem Kadri in neutral zone.
2:22 of 2nd period - Slapshot by Erik Johnson.
2:22 of 2nd period - Deflect By Jimmy Hayes.
2:22 of 2nd period - Shot Blocked by Brandon Carlo.
2:22 of 2nd period - Puck is out of play.
2:23 of 2nd period - Nazem Kadri wins face-off versus Tanner Pearson in Devils zone.
2:23 of 2nd period - Nazem Kadri is hit by Patrik Berglund.
2:30 of 2nd period - Minor Penalty to Jimmy Hayes for Roughing.
2:31 of 2nd period - Nazem Kadri wins face-off versus Patrik Berglund in Flames zone.
2:54 of 2nd period - Slapshot by Eric Staal.
2:54 of 2nd period - Shot Blocked by Nazem Kadri.
4:30 of 2nd period - Penalty to Jimmy Hayes is over, Jimmy Hayes is back on ice.
4:35 of 2nd period - Snap shot by Jimmy Hayes.
4:35 of 2nd period - Stopped by Jonathan Quick with a rebound.
5:16 of 2nd period - Icing by Thomas Hickey.
5:17 of 2nd period - Anton Lander wins face-off versus Anders Lee in Devils zone.
5:46 of 2nd period - Snap shot by Kevin Labanc.
5:46 of 2nd period - Stopped by Jonathan Quick with a rebound.
6:06 of 2nd period - Icing by Patrik Berglund.
6:07 of 2nd period - Patrik Berglund wins face-off versus Anton Lander in Flames zone.
6:07 of 2nd period - Patrik Berglund is hit by Sven Baertschi.
6:14 of 2nd period - David Savard is hit by Logan Shaw and loses puck.
6:19 of 2nd period - Snap shot by Anton Lander.
6:19 of 2nd period - Shot Blocked by Eric Staal.
6:56 of 2nd period - Off-side.
6:57 of 2nd period - Patrik Berglund wins face-off versus Nazem Kadri in neutral zone.
7:27 of 2nd period - Minor Penalty to Christian Folin for Diving.
7:28 of 2nd period - Nazem Kadri wins face-off versus Patrik Berglund in Flames zone.
7:34 of 2nd period - Backhand shot by Tyler Ennis.
7:34 of 2nd period - Goal by Tyler Ennis - Devils : 3 - Flames : 1.
7:35 of 2nd period - Patrik Berglund wins face-off versus Nazem Kadri in neutral zone.
7:44 of 2nd period - Snap shot by Patrik Berglund.
7:44 of 2nd period - Shot Misses the Net.
7:48 of 2nd period - Snap shot by Jimmy Hayes.
7:48 of 2nd period - Shot Blocked by Nazem Kadri.
7:50 of 2nd period - Slapshot by Erik Johnson.
7:50 of 2nd period - Stopped by Jonathan Quick with a rebound.
7:52 of 2nd period - Snap shot by Patrik Berglund.
7:52 of 2nd period - Shot Misses the Net.
8:23 of 2nd period - Snap shot by Logan Shaw.
8:23 of 2nd period - Shot Misses the Net.
9:29 of 2nd period - Wrist shot by Anders Lee.
9:29 of 2nd period - Shot Misses the Net.
9:34 of 2nd period - Off-side.
9:35 of 2nd period - Patrik Berglund wins face-off versus Nick Palmieri in neutral zone.
9:38 of 2nd period - Snap shot by Sami Vatanen.
9:38 of 2nd period - Shot Misses the Net.
9:46 of 2nd period - Snap shot by Nazem Kadri.
9:46 of 2nd period - Stopped by Christopher Gibson without a rebound.
9:47 of 2nd period - Tanner Pearson wins face-off versus Nazem Kadri in Flames zone.
10:47 of 2nd period - Snap shot by Colin Wilson.
10:47 of 2nd period - Deflect By Kevin Labanc.
10:47 of 2nd period - Stopped by Jonathan Quick without a rebound.
10:48 of 2nd period - Nazem Kadri wins face-off versus Patrik Berglund in Devils zone.
10:53 of 2nd period - Patrik Berglund is hit by Nick Palmieri and loses puck.
11:02 of 2nd period - Slapshot by David Savard.
11:02 of 2nd period - Deflect By Tyler Ennis.
11:02 of 2nd period - Stopped by Jonathan Quick with a rebound.
11:04 of 2nd period - Slapshot by Tanner Pearson.
11:04 of 2nd period - Shot Misses the Net.
11:43 of 2nd period - Wrist shot by Sean Monahan.
11:43 of 2nd period - Deflect By Jake DeBrusk.
11:43 of 2nd period - Shot Blocked by Jake DeBrusk.
11:43 of 2nd period - Puck is out of play.
11:44 of 2nd period - Patrik Berglund wins face-off versus Nazem Kadri in Flames zone.
11:59 of 2nd period - Snap shot by Nazem Kadri.
11:59 of 2nd period - Shot Misses the Net.
12:01 of 2nd period - Snap shot by Thomas Hickey.
12:01 of 2nd period - Deflect By Tanner Pearson.
12:01 of 2nd period - Stopped by Christopher Gibson with a rebound.
12:11 of 2nd period - Brayden Point is hit by Erik Johnson.
12:17 of 2nd period - Eric Staal is hit by Brayden Point.
12:21 of 2nd period - Slapshot by Erik Johnson.
12:21 of 2nd period - Shot Misses the Net.
12:23 of 2nd period - Wrist shot by Bryan Rust.
12:23 of 2nd period - Flames goal is going for a video replay.
12:23 of 2nd period - The goal is good.
12:23 of 2nd period - Goal by Bryan Rust - Devils : 3 - Flames : 2.
12:24 of 2nd period - Patrik Berglund wins face-off versus Tyler Ennis in neutral zone.
13:38 of 2nd period - Slapshot by Anton Stralman.
13:38 of 2nd period - Deflect By Brayden Point.
13:38 of 2nd period - Shot Misses the Net.
13:38 of 2nd period - Puck is out of play.
13:39 of 2nd period - Nick Palmieri wins face-off versus Patrik Berglund in Flames zone.
13:43 of 2nd period - Minor Penalty to Jimmy Hayes for Slashing.
13:44 of 2nd period - Patrik Berglund wins face-off versus Nazem Kadri in Flames zone.
14:48 of 2nd period - Slapshot by Colby Robak.
14:48 of 2nd period - Stopped by Jonathan Quick with a rebound.
15:36 of 2nd period - Thomas Hickey is hit by David Ullstrom and loses puck.
15:43 of 2nd period - Penalty to Jimmy Hayes is over, Jimmy Hayes is back on ice.
15:55 of 2nd period - Christian Folin is hit by Michael Del Zotto.
16:01 of 2nd period - Kevin Labanc is hit by Anton Lander and loses puck.
16:37 of 2nd period - Sven Baertschi is hit by Bryan Rust and loses puck.
17:45 of 2nd period - Brandon Carlo is hit by Tanner Pearson.
18:15 of 2nd period - Slapshot by Anton Stralman.
18:15 of 2nd period - Stopped by Christopher Gibson with a rebound.
18:27 of 2nd period - Minor Penalty to Esa Lindell for Slashing.
18:28 of 2nd period - Patrik Berglund wins face-off versus Nazem Kadri in Flames zone.
19:05 of 2nd period - Patrik Berglund is hit by Michael Del Zotto and loses puck.
19:48 of 2nd period - Brayden Point is hit by Sami Vatanen and loses puck.
Goals for this period are 2 for Devils vs 1 for Flames.
Shots for this period are 8 for Devils vs 8 for Flames.
3rd period
0:01 of 3rd period - Nazem Kadri wins face-off versus Brad Marchand in neutral zone.
0:15 of 3rd period - Slapshot by Kristopher Letang.
0:15 of 3rd period - Stopped by Christopher Gibson without a rebound.
0:16 of 3rd period - Ondrej Kase wins face-off versus Patrik Berglund in Flames zone.
0:27 of 3rd period - Penalty to Esa Lindell is over, Esa Lindell is back on ice.
1:10 of 3rd period - Slapshot by Esa Lindell.
1:10 of 3rd period - Deflect By Colin Wilson.
1:10 of 3rd period - Shot Misses the Net.
1:10 of 3rd period - Puck is out of play.
1:11 of 3rd period - Sean Monahan wins face-off versus Eric Staal in Devils zone.
1:28 of 3rd period - Wrist shot by Sean Monahan.
1:28 of 3rd period - Shot Blocked by Eric Staal.
1:46 of 3rd period - Snap shot by Patrik Berglund.
1:46 of 3rd period - Shot Misses the Net.
2:29 of 3rd period - Wrist shot by Anton Lander.
2:29 of 3rd period - Shot Hit the Post.
2:45 of 3rd period - Matt Donovan is hit by Eric Staal and loses puck.
3:06 of 3rd period - Bryan Rust is hit by Nick Palmieri and loses puck.
3:17 of 3rd period - Snap shot by Eric Staal.
3:17 of 3rd period - Stopped by Jonathan Quick with a rebound.
3:53 of 3rd period - Wrist shot by Eric Tangradi.
3:53 of 3rd period - Shot Misses the Net.
3:55 of 3rd period - Snap shot by Anton Lander.
3:55 of 3rd period - Stopped by Christopher Gibson with a rebound.
4:04 of 3rd period - Off-side.
4:05 of 3rd period - Sean Monahan wins face-off versus Patrik Berglund in neutral zone.
4:20 of 3rd period - Snap shot by Ondrej Kase.
4:20 of 3rd period - Stopped by Christopher Gibson with a rebound.
4:22 of 3rd period - Snap shot by Ondrej Kase.
4:22 of 3rd period - Goal by Ondrej Kase - Devils : 4 - Flames : 2.
4:22 of 3rd period - Henrik Lundqvist enters game.
4:23 of 3rd period - Nazem Kadri wins face-off versus Bryan Rust in neutral zone.
4:50 of 3rd period - Brandon Carlo is hit by Tanner Pearson and loses puck.
5:01 of 3rd period - Snap shot by Sean Monahan.
5:01 of 3rd period - Stopped by Henrik Lundqvist without a rebound.
5:02 of 3rd period - Nazem Kadri wins face-off versus Eric Staal in Flames zone.
5:07 of 3rd period - Slapshot by Nazem Kadri.
5:07 of 3rd period - Shot Blocked by Esa Lindell.
5:09 of 3rd period - Wrist shot by Kristopher Letang.
5:09 of 3rd period - Stopped by Henrik Lundqvist with a rebound.
5:11 of 3rd period - Slapshot by Kristopher Letang.
5:11 of 3rd period - Shot Blocked by Christian Folin.
5:13 of 3rd period - Snap shot by Nazem Kadri.
5:13 of 3rd period - Stopped by Henrik Lundqvist without a rebound.
5:14 of 3rd period - Eric Staal wins face-off versus Nazem Kadri in Flames zone.
5:31 of 3rd period - Snap shot by Sami Vatanen.
5:31 of 3rd period - Deflect By Eric Staal.
5:31 of 3rd period - Deflect By Nazem Kadri.
5:31 of 3rd period - Shot Blocked by Tyler Ennis.
5:31 of 3rd period - Puck is out of play.
5:32 of 3rd period - Patrik Berglund wins face-off versus Sean Monahan in Devils zone.
6:23 of 3rd period - Snap shot by Anton Lander.
6:23 of 3rd period - Shot Misses the Net.
6:31 of 3rd period - Snap shot by Anton Lander.
6:31 of 3rd period - Stopped by Henrik Lundqvist with a rebound.
6:38 of 3rd period - Icing by Brad Marchand.
6:39 of 3rd period - Brayden Point wins face-off versus Eric Staal in Flames zone.
7:16 of 3rd period - Snap shot by Sean Monahan.
7:16 of 3rd period - Shot Blocked by Tanner Pearson.
8:06 of 3rd period - Wrist shot by Sean Monahan.
8:06 of 3rd period - Shot Misses the Net.
8:08 of 3rd period - Slapshot by Anton Stralman.
8:08 of 3rd period - Stopped by Henrik Lundqvist without a rebound.
8:09 of 3rd period - Ondrej Kase wins face-off versus Patrik Berglund in Flames zone.
8:22 of 3rd period - Slapshot by Sean Monahan.
8:22 of 3rd period - Shot Blocked by Christian Folin.
8:24 of 3rd period - Snap shot by Ondrej Kase.
8:24 of 3rd period - Stopped by Henrik Lundqvist with a rebound.
8:26 of 3rd period - Slapshot by Sean Monahan.
8:26 of 3rd period - Shot Misses the Net.
8:43 of 3rd period - Slapshot by Michael Del Zotto.
8:43 of 3rd period - Stopped by Henrik Lundqvist with a rebound.
9:07 of 3rd period - Slapshot by Eric Staal.
9:07 of 3rd period - Shot Misses the Net.
9:37 of 3rd period - Brandon Carlo is hit by Anders Lee and loses puck.
10:20 of 3rd period - Off-side.
10:21 of 3rd period - Eric Staal wins face-off versus Sean Monahan in neutral zone.
10:37 of 3rd period - Snap shot by Sean Monahan.
10:37 of 3rd period - Shot Blocked by Esa Lindell.
10:47 of 3rd period - Kristopher Letang is hit by Jimmy Hayes and loses puck.
10:56 of 3rd period - Wrist shot by Jimmy Hayes.
10:56 of 3rd period - Shot Misses the Net.
10:58 of 3rd period - Wrist shot by Esa Lindell.
10:58 of 3rd period - Shot Blocked by Nazem Kadri.
11:16 of 3rd period - Snap shot by Brayden Point.
11:16 of 3rd period - Stopped by Henrik Lundqvist with a rebound.
11:18 of 3rd period - Snap shot by Logan Shaw.
11:18 of 3rd period - Shot Misses the Net.
11:28 of 3rd period - Anton Lander is hit by Erik Johnson.
11:36 of 3rd period - Wrist shot by Anton Lander.
11:36 of 3rd period - Stopped by Henrik Lundqvist with a rebound.
12:09 of 3rd period - Off-side.
12:10 of 3rd period - Patrik Berglund wins face-off versus Nazem Kadri in neutral zone.
12:13 of 3rd period - Snap shot by Jimmy Hayes.
12:13 of 3rd period - Stopped by Jonathan Quick without a rebound.
12:14 of 3rd period - Patrik Berglund wins face-off versus Nazem Kadri in Devils zone.
12:17 of 3rd period - Snap shot by Tanner Pearson.
12:17 of 3rd period - Shot Misses the Net.
12:29 of 3rd period - Wrist shot by Tyler Ennis.
12:29 of 3rd period - Goal by Tyler Ennis - Devils : 5 - Flames : 2.
12:30 of 3rd period - Nazem Kadri wins face-off versus Eric Staal in neutral zone.
13:05 of 3rd period - Wrist shot by Patrik Berglund.
13:05 of 3rd period - Stopped by Jonathan Quick without a rebound.
13:06 of 3rd period - Sean Monahan wins face-off versus Eric Staal in Devils zone.
13:22 of 3rd period - Sean Monahan is hit by Esa Lindell and loses puck.
13:34 of 3rd period - Off-side.
13:35 of 3rd period - Nazem Kadri wins face-off versus Patrik Berglund in neutral zone.
13:42 of 3rd period - Wrist shot by Jimmy Hayes.
13:42 of 3rd period - Deflect By Tanner Pearson.
13:42 of 3rd period - Shot Blocked by Nick Palmieri.
13:42 of 3rd period - Puck is out of play.
13:43 of 3rd period - Eric Staal wins face-off versus Nazem Kadri in Devils zone.
14:10 of 3rd period - Slapshot by Logan Shaw.
14:10 of 3rd period - Shot Misses the Net.
14:12 of 3rd period - Slapshot by Thomas Hickey.
14:12 of 3rd period - Shot Misses the Net.
14:14 of 3rd period - Slapshot by Thomas Hickey.
14:14 of 3rd period - Shot Misses the Net.
14:16 of 3rd period - Wrist shot by Brayden Point.
14:16 of 3rd period - Stopped by Henrik Lundqvist without a rebound.
14:17 of 3rd period - Patrik Berglund wins face-off versus Sven Baertschi in Flames zone.
14:17 of 3rd period - Patrik Berglund is hit by Brayden Point.
14:28 of 3rd period - Off-side.
14:29 of 3rd period - Nazem Kadri wins face-off versus Bryan Rust in neutral zone.
14:34 of 3rd period - Snap shot by Nick Palmieri.
14:34 of 3rd period - Deflect By Nazem Kadri.
14:34 of 3rd period - Shot Misses the Net.
14:34 of 3rd period - Puck is out of play.
14:35 of 3rd period - Nazem Kadri wins face-off versus Eric Staal in Flames zone.
14:36 of 3rd period - Wrist shot by Tyler Ennis.
14:36 of 3rd period - Stopped by Henrik Lundqvist with a rebound.
14:42 of 3rd period - Erik Johnson is hit by Brandon Carlo and loses puck.
14:49 of 3rd period - Slapshot by Sami Vatanen.
14:49 of 3rd period - Stopped by Jonathan Quick with a rebound.
15:07 of 3rd period - Wrist shot by Jake DeBrusk.
15:07 of 3rd period - Shot Misses the Net.
15:47 of 3rd period - Kristopher Letang is hit by Bryan Rust and loses puck.
16:14 of 3rd period - Snap shot by David Ullstrom.
16:14 of 3rd period - Stopped by Jonathan Quick with a rebound.
16:16 of 3rd period - Slapshot by Kyle Palmieri.
16:16 of 3rd period - Shot Misses the Net.
17:18 of 3rd period - Slapshot by Eric Staal.
17:18 of 3rd period - Stopped by Jonathan Quick with a rebound.
17:20 of 3rd period - Snap shot by Brad Marchand.
17:20 of 3rd period - Stopped by Jonathan Quick with a rebound.
17:42 of 3rd period - Snap shot by Nick Palmieri.
17:42 of 3rd period - Shot Blocked by Christian Folin.
17:44 of 3rd period - Slapshot by Nick Palmieri.
17:44 of 3rd period - Stopped by Henrik Lundqvist without a rebound.
17:45 of 3rd period - Brayden Point wins face-off versus Eric Staal in Flames zone.
17:52 of 3rd period - Snap shot by Sven Baertschi.
17:52 of 3rd period - Shot Misses the Net.
17:54 of 3rd period - Slapshot by Brayden Point.
17:54 of 3rd period - Shot Blocked by Brad Marchand.
17:56 of 3rd period - Slapshot by Matt Donovan.
17:56 of 3rd period - Deflect By Brayden Point.
17:56 of 3rd period - Stopped by Henrik Lundqvist without a rebound.
17:57 of 3rd period - Eric Staal wins face-off versus Nazem Kadri in Flames zone.
18:32 of 3rd period - Snap shot by Jimmy Hayes.
18:32 of 3rd period - Shot Blocked by Logan Shaw.
18:50 of 3rd period - Snap shot by Nail Yakupov.
18:50 of 3rd period - Deflect By Eric Tangradi.
18:50 of 3rd period - Stopped by Henrik Lundqvist without a rebound.
18:51 of 3rd period - Eric Staal wins face-off versus Nazem Kadri in Flames zone.
18:53 of 3rd period - Minor Penalty to Christian Folin for Holding.
18:54 of 3rd period - Patrik Berglund wins face-off versus Brayden Point in Flames zone.
19:20 of 3rd period - Ondrej Kase is hit by Eric Staal and loses puck.
Goals for this period are 2 for Devils vs 0 for Flames.
Shots for this period are 19 for Devils vs 7 for Flames.